 Dungeon Crawl Stone Soup version 0.21-a0-476-gd103f4b (webtiles) character file.

49 Laiders the Sneak (level 3, -1/18 HPs)
             Began as a Vine Stalker Assassin on Nov 22, 2017.
             Hit by a goblin thrown by Robin (3 damage)
             ... on level 2 of the Dungeon.
             The game lasted 00:07:22 (1777 turns).

Laiders the Sneak (Vine Stalker Assassin)           Turns: 1777, Time: 00:07:23

Health: -1/18      AC:  8    Str: 13    XL:     3   Next: 77%
Magic:  0/4        EV: 10    Int: 16    God:
Gold:   42         SH:  0    Dex: 16    Spells: 2/2 levels left

rFire    + . .     SeeInvis .   a - +2 dagger
rCold    + . .     Gourm    .   (no shield)
rNeg     . . .     Faith    .   k - +0 ring mail
rPois    +         Spirit   +   (helmet restricted)
rElec    +         Reflect  .   d - +0 cloak
rCorr    +         Harm     .   o - +0 pair of gloves
MR       .....                  n - +0 pair of boots
Stlth    +++.......             (no amulet)
HPRegen  0.06/turn              (no ring)
MPRegen  0.09/turn              (no ring)

@: brilliant, resistant
A: antennae 1, fangs 2, talons 1, wild magic 1, magic shield, antimagic bite, no
potion heal 3, rot immunity
a: no special abilities


You were on level 2 of the Dungeon.
You were not hungry.

You visited 1 branch of the dungeon, and saw 2 of its levels.

You collected 42 gold pieces.

Inventory:

Hand Weapons
 a - a +2 dagger (weapon)
 b - a +0 blowgun
Missiles
 e - 8 poisoned needles
 f - 2 curare-tipped needles
Armour
 d - a +0 cloak (worn)
 k - a +0 ring mail (worn)
 n - a +0 pair of boots (worn)
 o - a +0 pair of gloves (worn)
Scrolls
 j - a scroll of remove curse
Comestibles
 g - 2 bread rations
 i - a royal jelly
 m - a chunk of flesh


   Skills:
 - Level 1.7 Fighting
 + Level 2.8 Short Blades
 - Level 1.7 Throwing
 - Level 0.7 Dodging
 + Level 5.8 Stealth


You had 2 spell levels left.
You didn't know any spells.

Dungeon Overview and Level Annotations

Branches:
Dungeon (2/15)

Altars:

Annotations:
D:2 Robin


Innate Abilities, Weirdness & Mutations

You have extremely sharp teeth.
When hurt, damage is shared between your health and your magic reserves.
Your bite disrupts and absorbs the magic of your enemies.
Potions cannot restore your health.
You are immune to rotting.
You have a pair of small antennae on your head.
You have sharp toenails.
Your spells are a little harder to cast, but a little more powerful.


Message History

The hobgoblin no longer looks unusually strong.
The goblin misses you.
The hobgoblin hits you but does no damage.
You hit the goblin.
The goblin is heavily wounded.
The goblin hits you but does no damage.
You miss the goblin. Your bite misses the goblin.
The goblin is heavily wounded.
The hobgoblin hits you but does no damage.
The goblin hits you but does no damage.
You hit the goblin.
The goblin is severely wounded.
The hobgoblin misses you. The goblin hits you but does no damage.
You hit the goblin.
You kill the goblin!
The hobgoblin hits you but does no damage.
A leopard gecko comes into view.
The leopard gecko hisses angrily.
Robin throws the goblin at you!
You die...

#...... ...l[
..... ... ... #.#
#g# #@# # #.# #.#
. #g### #.# .
#g#g. #.# # #g#>#
#.# # #g#g# #.# #
#.#.# #.#####
#.#'########......
#........##......#


You could see Robin, a leopard gecko, 2 hobgoblins and 2 goblins.

Vanquished Creatures
  A worm (D:2)
  2 dart slugs
  A leopard gecko (D:1)
  A giant cockroach (D:1)
  11 goblins
  4 hobgoblins
  6 kobolds (D:1)
  5 bats (D:1)
  2 frilled lizards (D:1)
  A quokka skeleton (D:2)
  4 rats (D:1)
38 creatures vanquished.

Notes
Turn   | Place    | Note
-------+----------+-------------------------------------------
     0 | D:1      | Laiders the Vine Stalker Assassin began the quest for the Orb.
     0 | D:1      | Reached XP level 1. HP: 11/11 MP: 2/2
    63 | D:1      | Reached skill level 5 in Stealth
   449 | D:1      | Reached XP level 2. HP: 14/15 MP: 3/3
   885 | D:1      | Reached XP level 3. HP: 18/18 MP: 4/4
  1745 | D:2      | Noticed Robin
  1764 | D:2      | Gained mutation: You have sharp toenails. [potion of mutation]
  1764 | D:2      | Gained mutation: You have a pair of small antennae on your head. [potion of mutation]
  1764 | D:2      | Gained mutation: Your spells are a little harder to cast, but a little more powerful. [potion of mutation]
  1777 | D:2      | Hit by a goblin thrown by Robin

Vault maps used:
D:1:      eino_arrival_cavern_a, serial_glass, glass_columns_a, glass_columns_a,
          minmay_misc_feat_encased
D:2:      nicolae_overflow_hidden_temple, uniq_robin

Skill      XL: |  1 |
---------------+----+-----
Stealth        | 5 |  5.8
Short Blades   | 2 |  2.8
Fighting       | |  1.7
Throwing       | |  1.7
Dodging        | |  0.7

Action                   || total
-------------------------++-------
Melee: Dagger            ||   113
       Bite              ||    21
  Use: Potion            ||     3
       Scroll            ||     1
 Stab: Sleeping          ||     8
  Eat: Chunk             ||     3
Armor: Robe              ||    27
       Ring mail         ||    21
Dodge: Dodged            ||    77

Table legend:
 A = Spawn XP
 B = Non-spawn XP
 C = Spawn XP percentage of total XP
 D = Spawn monster count
 E = Non-spawn monster count
 F = Spawn count percentage of total count
 G = Total turns spent on level
                    A         B        C        D         E        F      G
               +---------+---------+-------+---------+---------+-------+---------
         Total |       0 |      71 |   0.0 |       0 |      38 |   0.0 |  1777
               +---------+---------+-------+---------+---------+-------+---------
           D:1 |       0 |      51 |   0.0 |       0 |      30 |   0.0 |  1406
           D:2 |       0 |      20 |   0.0 |       0 |       8 |   0.0 |   371
               +---------+---------+-------+---------+---------+-------+---------
